Minnesota North Stars vs Edmonton Oilers

Created - Tuesday, August 5, 2025 at 08:22

Goals
1 2 3 T
Minnesota North Stars 1 2 0 3
Edmonton Oilers 1 1 0 2
Shots
1 2 3 T
Minnesota North Stars 14 12 6 32
Edmonton Oilers 8 17 10 35

1st period

1. Minnesota North Stars , Frank Vatrano 1 (Gustav Forsling 1, Evgeni Malkin 1) at 5:00
2. Edmonton Oilers , Boone Jenner 1 (Jake DeBrusk 1, Dawson Mercer 1) at 18:34

Penalties :
Brandon Carlo (EDM) for Boarding (Minor) at 7:21

2nd period

3. Minnesota North Stars , Jonathan Marchessault 1 (Kent Johnson 1, Neal Pionk 1) at 6:43
4. Minnesota North Stars , Ryan Nugent-Hopkins 1 (Erik Cernak 1, Jack Hughes 1) at 12:52
5. Edmonton Oilers , Dylan Holloway 1 (Jacob Trouba 1, Brandon Carlo 1) at 14:21

Penalties :
Jacob Trouba (EDM) for Delaying the game (Minor) at 9:13, Erik Cernak (MNS) for Interference (Minor) at 19:59

3rd period

No Goal

Penalties :
Drake Caggiula (EDM) for Roughing (Double Minor) at 2:45, Niko Mikkola (MNS) for Cross-checking (Minor) at 12:10, Morgan Barron (EDM) for Delaying the game (Minor) at 18:51

Goalie Stats

Logan Thompson (MNS), 33 saves from 35 shots - (0.943), W, 1-0-0, 60:00 minutes
Juuse Saros (EDM), 29 saves from 32 shots - (0.906), L, 0-1-0, 60:00 minutes

Players Stats for Minnesota North Stars

Player Name              G  A  P  +/- PIM S  H  SB GA TA FO     MP     PP MP  PK MP  
------------------------------------------------------------------------------------
Brock Nelson             0  0  0   1  0   1  1  1  2  1  0/0    20:16   4:15   1:49 
Erik Cernak              0  1  1   1  2   0  1  3  0  0  0/0    15:35   0:00   0:17 
Evgeni Malkin            0  1  1   1  0   2  3  0  0  0  7/16   18:27   4:11   0:00 
Frank Vatrano            1  0  1   1  0   3  2  1  0  0  0/0    14:12   0:00   0:00 
Gustav Forsling          0  1  1   1  0   0  0  2  0  0  0/0    22:56   4:27   2:20 
Ivan Barbashev           0  0  0   0  0   1  0  0  0  0  0/1     7:24   0:00   0:00 
Jack Hughes              0  1  1  -1  0   4  1  0  1  0  14/20  17:55   4:25   0:00 
Jonathan Marchessault    1  0  1   1  0   4  3  0  1  0  0/0    12:26   0:30   0:13 
Kent Johnson             0  1  1   1  0   3  1  1  0  0  0/1    15:47   4:11   0:13 
Matt Roy                 0  0  0   0  0   2  2  1  0  0  0/0    21:10   4:38   0:45 
Mattias Janmark          0  0  0   0  0   0  0  1  0  0  2/8    10:44   0:55   1:56 
Neal Pionk               0  1  1   0  0   1  0  0  0  0  0/0    22:24   4:27   1:47 
Niko Mikkola             0  0  0   0  2   2  1  0  0  0  0/0    16:02   0:00   1:00 
Rasmus Dahlin            0  0  0   0  0   1  0  0  1  0  0/0    22:07   4:38   1:47 
Ryan Nugent-Hopkins      1  0  1  -1  0   3  0  0  0  0  2/2    14:52   0:00   1:49 
Valeri Nichushkin        0  0  0  -1  0   1  0  0  3  0  0/1    17:55   4:24   0:00 
William Eklund           0  0  0   0  0   2  0  0  0  0  0/1    12:31   4:24   0:00 
William Karlsson         0  0  0   1  0   2  1  0  0  1  5/8    13:17   0:00   1:56 

Players Stats for Edmonton Oilers

Player Name              G  A  P  +/- PIM S  H  SB GA TA FO     MP     PP MP  PK MP  
------------------------------------------------------------------------------------
Adrian Kempe             0  0  0  -1  0   1  1  0  0  1  1/3    19:48   1:59   4:27 
Boone Jenner             1  0  1   1  0   3  2  1  0  0  8/11   14:43   1:59   0:00 
Brandon Carlo            0  1  1  -1  2   2  1  3  1  0  0/0    25:11   2:09   3:24 
Brett Pesce              0  0  0   0  0   1  1  1  0  2  0/0    14:37   0:00   1:21 
Brock Boeser             0  0  0  -1  0   7  4  0  0  0  0/1    19:52   1:59   4:27 
Corey Perry              0  0  0   0  0   2  1  0  0  0  0/0     9:17   0:00   0:30 
David Perron             0  0  0  -1  0   0  1  1  1  0  0/0    12:10   0:00   0:00 
David Savard             0  0  0   0  0   1  0  0  0  1  0/0    20:46   1:49   4:48 
Dawson Mercer            0  1  1   1  0   3  0  2  0  0  0/0    15:30   1:59   0:30 
Drake Caggiula           0  0  0   0  4   1  2  0  0  0  0/0     8:27   0:00   0:00 
Dylan Holloway           1  0  1  -1  0   5  0  0  0  0  1/4    15:59   0:00   4:08 
Evan Bouchard            0  0  0   0  0   2  0  3  0  0  0/0    20:46   1:49   4:48 
Jacob Trouba             0  1  1  -1  2   2  3  3  0  3  0/0    25:10   2:09   3:03 
Jake DeBrusk             0  1  1   1  0   2  1  3  0  1  3/5    19:10   1:59   4:08 
Luke Hughes              0  0  0   0  0   0  1  0  0  0  0/0    14:00   0:00   0:46 
Morgan Barron            0  0  0  -1  2   2  1  1  0  0  4/8    12:06   0:00   0:00 
Ryan McLeod              0  0  0  -1  0   0  0  0  0  0  9/20   15:21   1:59   0:00 
Tanner Jeannot           0  0  0   0  0   1  2  0  0  0  2/6     7:58   0:00   0:00 

3 Stars

1 - Jonathan Marchessault (MNS)
2 - Frank Vatrano (MNS)
3 - Logan Thompson (MNS)

Power Play

Minnesota North Stars - 0 on 5 Attempt(s) - 0.00%
Edmonton Oilers - 0 on 2 Attempt(s) - 0.00%

Penalty Kill

Minnesota North Stars - 2 on 2 Attempt(s) - 100.00% - Score 0 goal in Penalty Kill
Edmonton Oilers - 5 on 5 Attempt(s) - 100.00% - Score 0 goal in Penalty Kill

Team Stat

Minnesota North Stars - Hits : 16 - Faceoff Wins : 30 - Blocked Shots : 10 - Penalty Minutes : 4
Edmonton Oilers - Hits : 21 - Faceoff Wins : 28 - Blocked Shots : 18 - Penalty Minutes : 10

Official

Referees : Dan O'Rourke and Brandon Schrader
Linesman : Bevan Mills and James Tobias

Game Notes

No Game Note

Finance

Level 1 -- Attendance: 5901 (98.35%) -- Ticket Income $531,090
Level 2 -- Attendance: 5000 (100.00%) -- Ticket Income $250,000
Level 3 -- Attendance: 2768 (92.27%) -- Ticket Income $83,040
Level 4 -- Attendance: 4998 (99.96%) -- Ticket Income $99,960
Luxury Box -- Attendance: 978 (97.80%) -- Ticket Income $185,820
Game was played at the Rexall Place.
Total Attendance: 19645 (98.23%)
Total Ticket Income: $1,149,910
Other Income: $402,468
Total Income: $1,552,378

Minnesota North Stars

5 vs 5 Forward 
   Center                   Left Wing                Right Wing               Time % Phy DF OF 
 1 Jack Hughes              Valeri Nichushkin        Ryan Nugent-Hopkins      30     1   2  2  
 2 Evgeni Malkin            Brock Nelson             Frank Vatrano            30     1   2  2  
 3 William Karlsson         Kent Johnson             Jonathan Marchessault    25     1   2  2  
 4 Mattias Janmark          Ivan Barbashev           William Eklund           15     1   2  2  

5 vs 5 Defense 
   Defense                  Defense                                           Time % Phy DF OF 
 1 Rasmus Dahlin            Matt Roy                                          34     1   2  2  
 2 Gustav Forsling          Erik Cernak                                       33     1   2  2  
 3 Neal Pionk               Niko Mikkola                                      33     1   2  2  
 4 Rasmus Dahlin            Matt Roy                                          0      1   2  2  

PowerPlay Forward 
   Center                   Left Wing                Right Wing               Time % Phy DF OF 
 1 Jack Hughes              William Eklund           Valeri Nichushkin        50     0   1  4  
 2 Evgeni Malkin            Brock Nelson             Kent Johnson             50     0   1  4  

PowerPlay Defense
   Defense                  Defense                                           Time % Phy DF OF 
 1 Rasmus Dahlin            Matt Roy                                          50     0   2  3  
 2 Gustav Forsling          Neal Pionk                                        50     0   2  3  

Penalty Kill 4 Players Forward 
   Center                   Wing                     Time % Phy DF OF 
 1 Ryan Nugent-Hopkins      Brock Nelson             50     0   5  0  
 2 William Karlsson         Mattias Janmark          50     0   5  0  

Penalty Kill 4 Players Defense
   Defense                  Defense                  Time % Phy DF OF 
 1 Erik Cernak              Gustav Forsling          50     0   5  0  
 2 Neal Pionk               Niko Mikkola             50     0   5  0  

Penalty Kill - 3 Players Forward 
   Forward                                           Time % Phy DF OF 
 1 Ryan Nugent-Hopkins                               50     0   5  0  
 2 Mattias Janmark                                   50     0   5  0  

Penalty Kill - 3 Players Defense
   Defense                  Defense                  Time % Phy DF OF 
 1 Matt Roy                 Erik Cernak              50     1   2  2  
 2 Gustav Forsling          Neal Pionk               50     1   2  2  

4 vs 4 Forward 
   Center                   Wing                     Time % Phy DF OF 
 1 Jack Hughes              Valeri Nichushkin        50     1   2  2  
 2 Ryan Nugent-Hopkins      Frank Vatrano            50     1   2  2  

4 vs 4 Defense
   Defense                  Defense                  Time % Phy DF OF 
 1 Rasmus Dahlin            Matt Roy                 50     1   2  2  
 2 Gustav Forsling          Erik Cernak              50     1   2  2  

Last Minutes Offensive
   Center                   Left Wing                Right Wing               Defense                  Defense                  
   Jack Hughes              Jonathan Marchessault    Valeri Nichushkin        Rasmus Dahlin            Neal Pionk               

Last Minutes Defensive
   Center                   Left Wing                Right Wing               Defense                  Defense                  
   Ryan Nugent-Hopkins      Mattias Janmark          Valeri Nichushkin        Erik Cernak              Gustav Forsling          

Goaltenders
Starting : Logan Thompson           
Backup : Charlie Lindgren         

Extra Forwards
Normal : William Eklund, Kent Johnson, Jonathan Marchessault - PP : William Eklund, Kent Johnson - PK : Jonathan Marchessault
Extra Defensemen
Normal : Neal Pionk, Niko Mikkola, Gustav Forsling - PP : Neal Pionk - PK : Niko Mikkola, Gustav Forsling
Penalty Shots
William Eklund, Kent Johnson, Valeri Nichushkin, Evgeni Malkin, Ryan Nugent-Hopkins

Scratches
Lawson Crouse (Healthy), Dylan DeMelo (Healthy)

Edmonton Oilers

5 vs 5 Forward 
   Center                   Left Wing                Right Wing               Time % Phy DF OF 
 1 Ryan McLeod              Adrian Kempe             Brock Boeser             30     1   2  2  
 2 Boone Jenner             Jake DeBrusk             Dawson Mercer            30     1   2  2  
 3 Morgan Barron            Dylan Holloway           David Perron             25     1   2  2  
 4 Tanner Jeannot           Drake Caggiula           Corey Perry              15     1   2  2  

5 vs 5 Defense 
   Defense                  Defense                                           Time % Phy DF OF 
 1 Jacob Trouba             Brandon Carlo                                     30     1   2  2  
 2 David Savard             Evan Bouchard                                     30     1   2  2  
 3 Luke Hughes              Brett Pesce                                       25     1   2  2  
 4 Jacob Trouba             Brandon Carlo                                     15     1   2  2  

PowerPlay Forward 
   Center                   Left Wing                Right Wing               Time % Phy DF OF 
 1 Ryan McLeod              Adrian Kempe             Brock Boeser             50     1   2  2  
 2 Boone Jenner             Jake DeBrusk             Dawson Mercer            50     1   2  2  

PowerPlay Defense
   Defense                  Defense                                           Time % Phy DF OF 
 1 Jacob Trouba             Brandon Carlo                                     50     1   2  2  
 2 David Savard             Evan Bouchard                                     50     1   2  2  

Penalty Kill 4 Players Forward 
   Center                   Wing                     Time % Phy DF OF 
 1 Adrian Kempe             Brock Boeser             50     1   2  2  
 2 Jake DeBrusk             Dylan Holloway           50     1   2  2  

Penalty Kill 4 Players Defense
   Defense                  Defense                  Time % Phy DF OF 
 1 Jacob Trouba             Brandon Carlo            50     1   2  2  
 2 David Savard             Evan Bouchard            50     1   2  2  

Penalty Kill - 3 Players Forward 
   Forward                                           Time % Phy DF OF 
 1 Adrian Kempe                                      50     1   2  2  
 2 Brock Boeser                                      50     1   2  2  

Penalty Kill - 3 Players Defense
   Defense                  Defense                  Time % Phy DF OF 
 1 Jacob Trouba             Brandon Carlo            50     1   2  2  
 2 David Savard             Evan Bouchard            50     1   2  2  

4 vs 4 Forward 
   Center                   Wing                     Time % Phy DF OF 
 1 Adrian Kempe             Brock Boeser             50     1   2  2  
 2 Jake DeBrusk             Dylan Holloway           50     1   2  2  

4 vs 4 Defense
   Defense                  Defense                  Time % Phy DF OF 
 1 Jacob Trouba             Brandon Carlo            50     1   2  2  
 2 David Savard             Evan Bouchard            50     1   2  2  

Last Minutes Offensive
   Center                   Left Wing                Right Wing               Defense                  Defense                  
   Ryan McLeod              Adrian Kempe             Brock Boeser             Jacob Trouba             Brandon Carlo            

Last Minutes Defensive
   Center                   Left Wing                Right Wing               Defense                  Defense                  
   Ryan McLeod              Adrian Kempe             Brock Boeser             Jacob Trouba             Brandon Carlo            

Goaltenders
Starting : Juuse Saros              
Backup : Jonathan Quick           

Extra Forwards
Normal : Morgan Barron, David Perron, Corey Perry - PP : Morgan Barron, David Perron - PK : Corey Perry
Extra Defensemen
Normal : Luke Hughes, Brett Pesce, David Savard - PP : Luke Hughes - PK : Brett Pesce, David Savard
Penalty Shots
Adrian Kempe, Brock Boeser, Jake DeBrusk, Dylan Holloway, Ryan McLeod

Scratches
Troy Stecher (Healthy), Derek Ryan (Healthy), Jeff Carter (Healthy), Scott Mayfield (Healthy), Karel Vejmelka (Healthy)

% Time on Ice - Minnesota North Stars

Lines # - Real PCT - Wanted PCT - Time Play
Normal Forward
1 - 29% - 30% - 13:44
2 - 31% - 30% - 14:28
3 - 24% - 25% - 11:21
4 - 16% - 15% - 7:24
Normal Defense
1 - 32% - 34% - 15:14
2 - 36% - 33% - 16:52
3 - 32% - 33% - 14:51
4 - 0% - 0% - 0:00
PP Forward
1 - 51% - 50% - 4:37
2 - 49% - 50% - 4:28
PP Defense
1 - 51% - 50% - 4:38
2 - 49% - 50% - 4:27
PK Forward
1 - 46% - 50% - 1:49
2 - 54% - 50% - 2:09
PK Defense
1 - 41% - 50% - 1:38
2 - 59% - 50% - 2:20
PK3 Forward
1 - 0% - 50%
2 - 0% - 50%
PK3 Defense
1 - 0% - 50%
2 - 0% - 50%
44 Forward
1 - 0% - 50%
2 - 0% - 50%
44 Defense
1 - 0% - 50%
2 - 0% - 50%
Last Minute Offensive  - 0:00
Last Minute Defensive  - 0:00
Total
Forward - 60:00
Defense - 60:00

% Time on Ice - Edmonton Oilers

Lines # - Real PCT - Wanted PCT - Time Play
Normal Forward
1 - 28% - 30% - 13:22
2 - 30% - 30% - 13:59
3 - 25% - 25% - 11:38
4 - 17% - 15% - 7:58
Normal Defense
1 - 31% - 30% - 14:29
2 - 30% - 30% - 14:09
3 - 28% - 25% - 13:14
4 - 11% - 15% - 5:05
PP Forward
1 - 50% - 50% - 1:59
2 - 50% - 50% - 1:59
PP Defense
1 - 54% - 50% - 2:09
2 - 46% - 50% - 1:49
PK Forward
1 - 52% - 50% - 4:41
2 - 48% - 50% - 4:24
PK Defense
1 - 47% - 50% - 4:17
2 - 53% - 50% - 4:48
PK3 Forward
1 - 0% - 50%
2 - 0% - 50%
PK3 Defense
1 - 0% - 50%
2 - 0% - 50%
44 Forward
1 - 0% - 50%
2 - 0% - 50%
44 Defense
1 - 0% - 50%
2 - 0% - 50%
Last Minute Offensive  - 0:00
Last Minute Defensive  - 0:00
Total
Forward - 60:00
Defense - 60:00

Play-by-Play

1st period


0:01 of 1st period - Ryan McLeod wins face-off versus Jack Hughes in neutral zone.
0:11 of 1st period - Valeri Nichushkin is hit by Adrian Kempe.
0:29 of 1st period - Snap shot by Jack Hughes.
0:29 of 1st period - Shot Misses the Net.
0:31 of 1st period - Snap shot by Frank Vatrano.
0:31 of 1st period - Deflect By Jacob Trouba.
0:31 of 1st period - Stopped by Juuse Saros with a rebound.
0:33 of 1st period - Backhand shot by Evgeni Malkin.
0:33 of 1st period - Shot Blocked by Jake DeBrusk.
0:35 of 1st period - Snap shot by Frank Vatrano.
0:35 of 1st period - Stopped by Juuse Saros with a rebound.
0:37 of 1st period - Slapshot by Matt Roy.
0:37 of 1st period - Stopped by Juuse Saros with a rebound.
0:59 of 1st period - Wrist shot by Kent Johnson.
0:59 of 1st period - Shot Blocked by Morgan Barron.
1:15 of 1st period - Gustav Forsling is hit by Tanner Jeannot and loses puck.
2:25 of 1st period - Wrist shot by Dylan Holloway.
2:25 of 1st period - Deflect By David Perron.
2:25 of 1st period - Shot Misses the Net.
2:25 of 1st period - Puck is out of play.
2:26 of 1st period - Morgan Barron wins face-off versus Evgeni Malkin in Minnesota North Stars zone.
2:37 of 1st period - Slapshot by Brock Nelson.
2:37 of 1st period - Stopped by Juuse Saros without a rebound.
2:38 of 1st period - William Karlsson wins face-off versus Ryan McLeod in Edmonton Oilers zone.
2:45 of 1st period - Wrist shot by Jonathan Marchessault.
2:45 of 1st period - Shot Misses the Net.
2:53 of 1st period - Wrist shot by Jonathan Marchessault.
2:53 of 1st period - Stopped by Juuse Saros with a rebound.
3:03 of 1st period - Neal Pionk is hit by Luke Hughes and loses puck.
4:49 of 1st period - Brett Pesce is hit by Frank Vatrano and loses puck.
4:54 of 1st period - Snap shot by Frank Vatrano.
4:54 of 1st period - Deflect By Evgeni Malkin.
4:54 of 1st period - Shot Misses the Net.
4:54 of 1st period - Puck is out of play.
4:55 of 1st period - Evgeni Malkin wins face-off versus Morgan Barron in Edmonton Oilers zone.
4:58 of 1st period - Slapshot by Frank Vatrano.
4:58 of 1st period - Shot Blocked by Brett Pesce.
5:00 of 1st period - Slapshot by Gustav Forsling.
5:00 of 1st period - Deflect By Frank Vatrano.
5:00 of 1st period - Goal by Frank Vatrano - Minnesota North Stars : 1 - Edmonton Oilers : 0.
5:01 of 1st period - Dylan Holloway wins face-off versus Evgeni Malkin in neutral zone.
5:06 of 1st period - Wrist shot by Morgan Barron.
5:06 of 1st period - Stopped by Logan Thompson with a rebound.
5:08 of 1st period - Wrist shot by Brett Pesce.
5:08 of 1st period - Shot Blocked by Brock Nelson.
5:55 of 1st period - Snap shot by Adrian Kempe.
5:55 of 1st period - Shot Misses the Net.
6:58 of 1st period - Slapshot by Jake DeBrusk.
6:58 of 1st period - Shot Misses the Net.
7:21 of 1st period - Minor Penalty to Brandon Carlo for Boarding.
7:22 of 1st period - Jack Hughes wins face-off versus Adrian Kempe in Edmonton Oilers zone.
8:42 of 1st period - Brock Nelson is hit by Jake DeBrusk and loses puck.
9:21 of 1st period - Penalty to Brandon Carlo is over, Brandon Carlo is back on ice.
9:21 of 1st period - William Eklund is hit by Corey Perry and loses puck.
9:27 of 1st period - Icing by Valeri Nichushkin.
9:28 of 1st period - Jack Hughes wins face-off versus Tanner Jeannot in Minnesota North Stars zone.
9:55 of 1st period - Tanner Jeannot is hit by Evgeni Malkin.
9:59 of 1st period - Snap shot by Corey Perry.
9:59 of 1st period - Stopped by Logan Thompson with a rebound.
10:32 of 1st period - Icing by Matt Roy.
10:33 of 1st period - Jack Hughes wins face-off versus Boone Jenner in Minnesota North Stars zone.
10:59 of 1st period - Icing by Evgeni Malkin.
11:00 of 1st period - Evgeni Malkin wins face-off versus Ryan McLeod in Minnesota North Stars zone.
11:20 of 1st period - Evgeni Malkin is hit by Jacob Trouba and loses puck.
11:31 of 1st period - Snap shot by Jake DeBrusk.
11:31 of 1st period - Stopped by Logan Thompson with a rebound.
11:41 of 1st period - Snap shot by Evgeni Malkin.
11:41 of 1st period - Stopped by Juuse Saros with a rebound.
11:43 of 1st period - Slapshot by Neal Pionk.
11:43 of 1st period - Shot Blocked by Jacob Trouba.
11:45 of 1st period - Snap shot by Frank Vatrano.
11:45 of 1st period - Shot Blocked by Brandon Carlo.
11:59 of 1st period - Wrist shot by Dawson Mercer.
11:59 of 1st period - Stopped by Logan Thompson without a rebound.
12:00 of 1st period - Jack Hughes wins face-off versus Ryan McLeod in Minnesota North Stars zone.
12:09 of 1st period - Snap shot by Ryan Nugent-Hopkins.
12:09 of 1st period - Shot Misses the Net.
12:17 of 1st period - Wrist shot by Ryan Nugent-Hopkins.
12:17 of 1st period - Shot Blocked by Evan Bouchard.
13:34 of 1st period - Slapshot by Jonathan Marchessault.
13:34 of 1st period - Stopped by Juuse Saros without a rebound.
13:35 of 1st period - Mattias Janmark wins face-off versus Tanner Jeannot in Edmonton Oilers zone.
13:46 of 1st period - Mattias Janmark is hit by Jacob Trouba and loses puck.
13:51 of 1st period - Wrist shot by Drake Caggiula.
13:51 of 1st period - Shot Blocked by Erik Cernak.
14:24 of 1st period - Brock Nelson is hit by Brock Boeser.
14:48 of 1st period - Snap shot by William Karlsson.
14:48 of 1st period - Stopped by Juuse Saros with a rebound.
14:50 of 1st period - Wrist shot by Kent Johnson.
14:50 of 1st period - Stopped by Juuse Saros without a rebound.
14:51 of 1st period - Jack Hughes wins face-off versus Dylan Holloway in Edmonton Oilers zone.
14:54 of 1st period - Wrist shot by Jack Hughes.
14:54 of 1st period - Stopped by Juuse Saros without a rebound.
14:55 of 1st period - Jack Hughes wins face-off versus Morgan Barron in Edmonton Oilers zone.
15:10 of 1st period - Wrist shot by Valeri Nichushkin.
15:10 of 1st period - Shot Blocked by Brandon Carlo.
15:22 of 1st period - Frank Vatrano is hit by Brandon Carlo and loses puck.
15:31 of 1st period - Snap shot by Brock Boeser.
15:31 of 1st period - Stopped by Logan Thompson without a rebound.
15:32 of 1st period - Ryan McLeod wins face-off versus William Karlsson in Minnesota North Stars zone.
16:35 of 1st period - David Perron is hit by Niko Mikkola and loses puck.
17:00 of 1st period - Wrist shot by Morgan Barron.
17:00 of 1st period - Shot Misses the Net.
17:11 of 1st period - Slapshot by Dylan Holloway.
17:11 of 1st period - Stopped by Logan Thompson without a rebound.
17:12 of 1st period - Jack Hughes wins face-off versus Ryan McLeod in Minnesota North Stars zone.
17:21 of 1st period - Wrist shot by Brock Boeser.
17:21 of 1st period - Shot Misses the Net.
17:48 of 1st period - Icing by Evan Bouchard.
17:49 of 1st period - Boone Jenner wins face-off versus Mattias Janmark in Edmonton Oilers zone.
17:54 of 1st period - Wrist shot by Jake DeBrusk.
17:54 of 1st period - Stopped by Logan Thompson without a rebound.
17:55 of 1st period - Adrian Kempe wins face-off versus Mattias Janmark in Minnesota North Stars zone.
18:24 of 1st period - Slapshot by Jack Hughes.
18:24 of 1st period - Stopped by Juuse Saros with a rebound.
18:26 of 1st period - Slapshot by Erik Cernak.
18:26 of 1st period - Shot Misses the Net.
18:28 of 1st period - Slapshot by Gustav Forsling.
18:28 of 1st period - Deflect By Ryan Nugent-Hopkins.
18:28 of 1st period - Stopped by Juuse Saros without a rebound.
18:29 of 1st period - Boone Jenner wins face-off versus Valeri Nichushkin in Edmonton Oilers zone.
18:34 of 1st period - Snap shot by Boone Jenner.
18:34 of 1st period - Goal by Boone Jenner - Minnesota North Stars : 1 - Edmonton Oilers : 1.
18:35 of 1st period - William Karlsson wins face-off versus Tanner Jeannot in neutral zone.
18:44 of 1st period - Slapshot by Kent Johnson.
18:44 of 1st period - Shot Blocked by Jacob Trouba.
18:46 of 1st period - Wrist shot by Kent Johnson.
18:46 of 1st period - Stopped by Juuse Saros without a rebound.
18:47 of 1st period - Ryan McLeod wins face-off versus Jack Hughes in Edmonton Oilers zone.
19:27 of 1st period - Icing by Brandon Carlo.
19:28 of 1st period - Boone Jenner wins face-off versus William Karlsson in Edmonton Oilers zone.
19:41 of 1st period - Slapshot by Kent Johnson.
19:41 of 1st period - Shot Blocked by Jake DeBrusk.
Goals for this period are 1 for Minnesota North Stars vs 1 for Edmonton Oilers.
Shots for this period are 14 for Minnesota North Stars vs 8 for Edmonton Oilers.

2nd period


0:01 of 2nd period - Tanner Jeannot wins face-off versus Mattias Janmark in neutral zone.
0:16 of 2nd period - Slapshot by William Eklund.
0:16 of 2nd period - Stopped by Juuse Saros with a rebound.
0:41 of 2nd period - Snap shot by Corey Perry.
0:41 of 2nd period - Stopped by Logan Thompson without a rebound.
0:42 of 2nd period - Ryan McLeod wins face-off versus Evgeni Malkin in Minnesota North Stars zone.
0:48 of 2nd period - Icing by Brock Nelson.
0:49 of 2nd period - Ryan McLeod wins face-off versus Evgeni Malkin in Minnesota North Stars zone.
1:05 of 2nd period - Snap shot by Brandon Carlo.
1:05 of 2nd period - Deflect By Brock Boeser.
1:05 of 2nd period - Stopped by Logan Thompson with a rebound.
1:46 of 2nd period - Slapshot by Jacob Trouba.
1:46 of 2nd period - Deflect By Kent Johnson.
1:46 of 2nd period - Stopped by Logan Thompson with a rebound.
1:48 of 2nd period - Slapshot by Brandon Carlo.
1:48 of 2nd period - Shot Misses the Net.
2:27 of 2nd period - Snap shot by Brock Boeser.
2:27 of 2nd period - Stopped by Logan Thompson without a rebound.
2:28 of 2nd period - Boone Jenner wins face-off versus Jack Hughes in Minnesota North Stars zone.
2:58 of 2nd period - Off-side.
2:59 of 2nd period - Evgeni Malkin wins face-off versus Dylan Holloway in neutral zone.
3:02 of 2nd period - David Perron is hit by Frank Vatrano and loses puck.
3:50 of 2nd period - Wrist shot by Valeri Nichushkin.
3:50 of 2nd period - Stopped by Juuse Saros with a rebound.
3:52 of 2nd period - Slapshot by Rasmus Dahlin.
3:52 of 2nd period - Stopped by Juuse Saros with a rebound.
3:54 of 2nd period - Slapshot by Rasmus Dahlin.
3:54 of 2nd period - Shot Misses the Net.
3:56 of 2nd period - Slapshot by Matt Roy.
3:56 of 2nd period - Stopped by Juuse Saros with a rebound.
4:10 of 2nd period - Drake Caggiula is hit by Matt Roy and loses puck.
4:19 of 2nd period - Slapshot by Drake Caggiula.
4:19 of 2nd period - Shot Blocked by Matt Roy.
4:21 of 2nd period - Slapshot by David Savard.
4:21 of 2nd period - Stopped by Logan Thompson with a rebound.
4:58 of 2nd period - Niko Mikkola is hit by Brock Boeser.
5:18 of 2nd period - Snap shot by Dawson Mercer.
5:18 of 2nd period - Stopped by Logan Thompson without a rebound.
5:19 of 2nd period - Boone Jenner wins face-off versus Jack Hughes in Minnesota North Stars zone.
5:36 of 2nd period - Snap shot by Boone Jenner.
5:36 of 2nd period - Shot Misses the Net.
6:14 of 2nd period - Brandon Carlo is hit by Brock Nelson and loses puck.
6:21 of 2nd period - Wrist shot by Frank Vatrano.
6:21 of 2nd period - Shot Misses the Net.
6:23 of 2nd period - Wrist shot by Neal Pionk.
6:23 of 2nd period - Shot Blocked by Jacob Trouba.
6:33 of 2nd period - Dylan Holloway is hit by William Karlsson.
6:39 of 2nd period - Wrist shot by Jonathan Marchessault.
6:39 of 2nd period - Shot Misses the Net.
6:43 of 2nd period - Backhand shot by Jonathan Marchessault.
6:43 of 2nd period - Goal by Jonathan Marchessault - Minnesota North Stars : 2 - Edmonton Oilers : 1.
6:44 of 2nd period - Ryan McLeod wins face-off versus Evgeni Malkin in neutral zone.
7:11 of 2nd period - Valeri Nichushkin is hit by David Perron and loses puck.
7:35 of 2nd period - Wrist shot by Boone Jenner.
7:35 of 2nd period - Stopped by Logan Thompson with a rebound.
7:37 of 2nd period - Backhand shot by Brett Pesce.
7:37 of 2nd period - Stopped by Logan Thompson without a rebound.
7:38 of 2nd period - Boone Jenner wins face-off versus Evgeni Malkin in Minnesota North Stars zone.
8:24 of 2nd period - Slapshot by Brock Nelson.
8:24 of 2nd period - Shot Blocked by Dawson Mercer.
8:26 of 2nd period - Snap shot by Evgeni Malkin.
8:26 of 2nd period - Deflect By Frank Vatrano.
8:26 of 2nd period - Shot Misses the Net.
8:26 of 2nd period - Puck is out of play.
8:27 of 2nd period - Jack Hughes wins face-off versus Ryan McLeod in Edmonton Oilers zone.
8:44 of 2nd period - Wrist shot by Adrian Kempe.
8:44 of 2nd period - Stopped by Logan Thompson without a rebound.
8:45 of 2nd period - William Karlsson wins face-off versus Morgan Barron in Minnesota North Stars zone.
9:00 of 2nd period - Snap shot by Dylan Holloway.
9:00 of 2nd period - Stopped by Logan Thompson without a rebound.
9:01 of 2nd period - Jack Hughes wins face-off versus Ryan McLeod in Minnesota North Stars zone.
9:13 of 2nd period - Minor Penalty to Jacob Trouba for Delaying the game.
9:14 of 2nd period - Jake DeBrusk wins face-off versus Evgeni Malkin in Edmonton Oilers zone.
9:52 of 2nd period - Snap shot by Jack Hughes.
9:52 of 2nd period - Stopped by Juuse Saros with a rebound.
10:33 of 2nd period - Rasmus Dahlin is hit by Brock Boeser.
11:13 of 2nd period - Penalty to Jacob Trouba is over, Jacob Trouba is back on ice.
11:49 of 2nd period - Slapshot by Evan Bouchard.
11:49 of 2nd period - Stopped by Logan Thompson with a rebound.
12:15 of 2nd period - Rasmus Dahlin is hit by Morgan Barron and loses puck.
12:20 of 2nd period - Wrist shot by David Perron.
12:20 of 2nd period - Deflect By Corey Perry.
12:20 of 2nd period - Shot Blocked by Kent Johnson.
12:20 of 2nd period - Puck is out of play.
12:21 of 2nd period - Ryan McLeod wins face-off versus Mattias Janmark in Minnesota North Stars zone.
12:24 of 2nd period - Slapshot by Brock Boeser.
12:24 of 2nd period - Stopped by Logan Thompson without a rebound.
12:25 of 2nd period - Ryan McLeod wins face-off versus Mattias Janmark in Minnesota North Stars zone.
12:34 of 2nd period - Slapshot by Adrian Kempe.
12:34 of 2nd period - Deflect By Brock Boeser.
12:34 of 2nd period - Shot Misses the Net.
12:34 of 2nd period - Puck is out of play.
12:35 of 2nd period - Jack Hughes wins face-off versus Ryan McLeod in Minnesota North Stars zone.
12:44 of 2nd period - Slapshot by Jack Hughes.
12:44 of 2nd period - Stopped by Juuse Saros with a rebound.
12:46 of 2nd period - Wrist shot by Jack Hughes.
12:46 of 2nd period - Shot Hit the Post.
12:48 of 2nd period - Wrist shot by Erik Cernak.
12:48 of 2nd period - Shot Misses the Net.
12:50 of 2nd period - Slapshot by Ryan Nugent-Hopkins.
12:50 of 2nd period - Stopped by Juuse Saros with a rebound.
12:52 of 2nd period - Wrist shot by Ryan Nugent-Hopkins.
12:52 of 2nd period - Goal by Ryan Nugent-Hopkins - Minnesota North Stars : 3 - Edmonton Oilers : 1.
12:53 of 2nd period - Morgan Barron wins face-off versus Jack Hughes in neutral zone.
12:58 of 2nd period - Slapshot by Evan Bouchard.
12:58 of 2nd period - Stopped by Logan Thompson without a rebound.
12:59 of 2nd period - Jack Hughes wins face-off versus Morgan Barron in Minnesota North Stars zone.
13:04 of 2nd period - Snap shot by Valeri Nichushkin.
13:04 of 2nd period - Shot Blocked by David Perron.
13:14 of 2nd period - Snap shot by Morgan Barron.
13:14 of 2nd period - Stopped by Logan Thompson without a rebound.
13:15 of 2nd period - Evgeni Malkin wins face-off versus Ryan McLeod in Minnesota North Stars zone.
13:20 of 2nd period - Niko Mikkola is hit by Brock Boeser and loses puck.
13:41 of 2nd period - Kent Johnson is hit by Jacob Trouba and loses puck.
13:53 of 2nd period - Icing by Brandon Carlo.
13:54 of 2nd period - Morgan Barron wins face-off versus Jack Hughes in Edmonton Oilers zone.
14:15 of 2nd period - Snap shot by Dylan Holloway.
14:15 of 2nd period - Stopped by Logan Thompson with a rebound.
14:17 of 2nd period - Slapshot by Brandon Carlo.
14:17 of 2nd period - Shot Misses the Net.
14:19 of 2nd period - Slapshot by Jacob Trouba.
14:19 of 2nd period - Shot Blocked by Erik Cernak.
14:21 of 2nd period - Wrist shot by Dylan Holloway.
14:21 of 2nd period - Goal by Dylan Holloway - Minnesota North Stars : 3 - Edmonton Oilers : 2.
14:22 of 2nd period - Evgeni Malkin wins face-off versus Brock Boeser in neutral zone.
14:47 of 2nd period - Brett Pesce is hit by Kent Johnson and loses puck.
15:13 of 2nd period - Ivan Barbashev is hit by Drake Caggiula and loses puck.
15:52 of 2nd period - Slapshot by David Perron.
15:52 of 2nd period - Shot Misses the Net.
15:54 of 2nd period - Snap shot by David Perron.
15:54 of 2nd period - Shot Blocked by Frank Vatrano.
15:56 of 2nd period - Snap shot by David Perron.
15:56 of 2nd period - Shot Misses the Net.
16:56 of 2nd period - Snap shot by Ryan McLeod.
16:56 of 2nd period - Deflect By Brock Boeser.
16:56 of 2nd period - Stopped by Logan Thompson without a rebound.
16:57 of 2nd period - Ryan McLeod wins face-off versus Mattias Janmark in Minnesota North Stars zone.
17:01 of 2nd period - Icing by Ivan Barbashev.
17:02 of 2nd period - Tanner Jeannot wins face-off versus William Eklund in Minnesota North Stars zone.
17:05 of 2nd period - Wrist shot by Corey Perry.
17:05 of 2nd period - Shot Misses the Net.
17:27 of 2nd period - Wrist shot by William Eklund.
17:27 of 2nd period - Stopped by Juuse Saros without a rebound.
17:28 of 2nd period - Evgeni Malkin wins face-off versus Ryan McLeod in Edmonton Oilers zone.
17:31 of 2nd period - Snap shot by Brock Nelson.
17:31 of 2nd period - Shot Hit the Post.
17:33 of 2nd period - Slapshot by Niko Mikkola.
17:33 of 2nd period - Shot Misses the Net.
17:35 of 2nd period - Snap shot by Evgeni Malkin.
17:35 of 2nd period - Shot Misses the Net.
17:37 of 2nd period - Slapshot by Evgeni Malkin.
17:37 of 2nd period - Stopped by Juuse Saros with a rebound.
17:39 of 2nd period - Wrist shot by Neal Pionk.
17:39 of 2nd period - Shot Misses the Net.
17:41 of 2nd period - Slapshot by Evgeni Malkin.
17:41 of 2nd period - Shot Misses the Net.
17:43 of 2nd period - Slapshot by Neal Pionk.
17:43 of 2nd period - Stopped by Juuse Saros without a rebound.
17:44 of 2nd period - Jack Hughes wins face-off versus Boone Jenner in Edmonton Oilers zone.
18:06 of 2nd period - Icing by Gustav Forsling.
18:07 of 2nd period - Evgeni Malkin wins face-off versus Ryan McLeod in Minnesota North Stars zone.
19:51 of 2nd period - Snap shot by Brock Boeser.
19:51 of 2nd period - Shot Blocked by Gustav Forsling.
19:59 of 2nd period - Minor Penalty to Erik Cernak for Interference.
Goals for this period are 2 for Minnesota North Stars vs 1 for Edmonton Oilers.
Shots for this period are 12 for Minnesota North Stars vs 17 for Edmonton Oilers.

3rd period


0:01 of 3rd period - Ryan Nugent-Hopkins wins face-off versus Ryan McLeod in neutral zone.
0:24 of 3rd period - Gustav Forsling is hit by Boone Jenner and loses puck.
1:59 of 3rd period - Penalty to Erik Cernak is over, Erik Cernak is back on ice.
2:45 of 3rd period - Double Minor Penalty to Drake Caggiula for Roughing.
2:46 of 3rd period - Jack Hughes wins face-off versus Jake DeBrusk in Edmonton Oilers zone.
2:47 of 3rd period - Wrist shot by Valeri Nichushkin.
2:47 of 3rd period - Shot Misses the Net.
3:19 of 3rd period - Slapshot by Jake DeBrusk.
3:19 of 3rd period - Deflect By Dylan Holloway.
3:19 of 3rd period - Stopped by Logan Thompson with a rebound.
3:21 of 3rd period - Slapshot by Jacob Trouba.
3:21 of 3rd period - Stopped by Logan Thompson with a rebound.
3:23 of 3rd period - Slapshot by Brandon Carlo.
3:23 of 3rd period - Stopped by Logan Thompson without a rebound.
3:24 of 3rd period - Jake DeBrusk wins face-off versus Kent Johnson in Minnesota North Stars zone.
3:39 of 3rd period - Slapshot by Evgeni Malkin.
3:39 of 3rd period - Shot Blocked by Evan Bouchard.
4:47 of 3rd period - Jake DeBrusk is hit by Matt Roy and loses puck.
5:40 of 3rd period - Snap shot by Dawson Mercer.
5:40 of 3rd period - Deflect By Kent Johnson.
5:40 of 3rd period - Stopped by Logan Thompson without a rebound.
5:41 of 3rd period - Jack Hughes wins face-off versus Adrian Kempe in Minnesota North Stars zone.
6:45 of 3rd period - Penalty to Drake Caggiula is over, Drake Caggiula is back on ice.
7:00 of 3rd period - Tanner Jeannot is hit by Erik Cernak.
7:04 of 3rd period - Corey Perry is hit by Jonathan Marchessault and loses puck.
7:19 of 3rd period - Snap shot by Morgan Barron.
7:19 of 3rd period - Shot Misses the Net.
7:36 of 3rd period - Morgan Barron is hit by Evgeni Malkin and loses puck.
8:20 of 3rd period - Neal Pionk is hit by Drake Caggiula and loses puck.
9:40 of 3rd period - Luke Hughes is hit by Jack Hughes and loses puck.
10:20 of 3rd period - Ryan Nugent-Hopkins is hit by Brett Pesce and loses puck.
10:44 of 3rd period - Off-side.
10:45 of 3rd period - Boone Jenner wins face-off versus Evgeni Malkin in neutral zone.
11:10 of 3rd period - David Perron is hit by Jonathan Marchessault and loses puck.
11:44 of 3rd period - Slapshot by Brock Boeser.
11:44 of 3rd period - Stopped by Logan Thompson with a rebound.
11:46 of 3rd period - Wrist shot by Adrian Kempe.
11:46 of 3rd period - Shot Blocked by Erik Cernak.
12:00 of 3rd period - Snap shot by Ivan Barbashev.
12:00 of 3rd period - Stopped by Juuse Saros without a rebound.
12:01 of 3rd period - Boone Jenner wins face-off versus Ivan Barbashev in Edmonton Oilers zone.
12:06 of 3rd period - Slapshot by Brandon Carlo.
12:06 of 3rd period - Stopped by Logan Thompson without a rebound.
12:07 of 3rd period - William Karlsson wins face-off versus Boone Jenner in Minnesota North Stars zone.
12:07 of 3rd period - William Karlsson is hit by Boone Jenner.
12:10 of 3rd period - Minor Penalty to Niko Mikkola for Cross-checking.
12:11 of 3rd period - Ryan Nugent-Hopkins wins face-off versus Jake DeBrusk in Minnesota North Stars zone.
12:25 of 3rd period - Snap shot by Boone Jenner.
12:25 of 3rd period - Stopped by Logan Thompson with a rebound.
12:39 of 3rd period - Wrist shot by Adrian Kempe.
12:39 of 3rd period - Shot Blocked by Mattias Janmark.
12:43 of 3rd period - Snap shot by Brock Boeser.
12:43 of 3rd period - Stopped by Logan Thompson with a rebound.
12:45 of 3rd period - Slapshot by Brandon Carlo.
12:45 of 3rd period - Shot Blocked by Gustav Forsling.
12:47 of 3rd period - Snap shot by Adrian Kempe.
12:47 of 3rd period - Shot Misses the Net.
14:10 of 3rd period - Penalty to Niko Mikkola is over, Niko Mikkola is back on ice.
14:11 of 3rd period - Snap shot by Jonathan Marchessault.
14:11 of 3rd period - Shot Blocked by Brandon Carlo.
15:31 of 3rd period - Wrist shot by William Karlsson.
15:31 of 3rd period - Stopped by Juuse Saros with a rebound.
16:37 of 3rd period - Ryan McLeod is hit by Evgeni Malkin and loses puck.
16:54 of 3rd period - David Perron is hit by Jonathan Marchessault and loses puck.
17:01 of 3rd period - Wrist shot by Jonathan Marchessault.
17:01 of 3rd period - Stopped by Juuse Saros without a rebound.
17:02 of 3rd period - Mattias Janmark wins face-off versus Tanner Jeannot in Edmonton Oilers zone.
17:07 of 3rd period - Slapshot by Mattias Janmark.
17:07 of 3rd period - Shot Misses the Net.
17:15 of 3rd period - Snap shot by Drake Caggiula.
17:15 of 3rd period - Stopped by Logan Thompson with a rebound.
17:17 of 3rd period - Snap shot by Tanner Jeannot.
17:17 of 3rd period - Stopped by Logan Thompson without a rebound.
17:18 of 3rd period - Morgan Barron wins face-off versus William Karlsson in Minnesota North Stars zone.
17:45 of 3rd period - Rasmus Dahlin is hit by Tanner Jeannot and loses puck.
18:26 of 3rd period - Wrist shot by Valeri Nichushkin.
18:26 of 3rd period - Shot Blocked by Evan Bouchard.
18:28 of 3rd period - Slapshot by Niko Mikkola.
18:28 of 3rd period - Stopped by Juuse Saros with a rebound.
18:30 of 3rd period - Snap shot by Ryan Nugent-Hopkins.
18:30 of 3rd period - Shot Misses the Net.
18:32 of 3rd period - Backhand shot by Jack Hughes.
18:32 of 3rd period - Shot Blocked by Dawson Mercer.
18:34 of 3rd period - Backhand shot by Niko Mikkola.
18:34 of 3rd period - Shot Blocked by Jake DeBrusk.
18:36 of 3rd period - Snap shot by Valeri Nichushkin.
18:36 of 3rd period - Shot Blocked by Boone Jenner.
18:38 of 3rd period - Backhand shot by Niko Mikkola.
18:38 of 3rd period - Stopped by Juuse Saros without a rebound.
18:39 of 3rd period - William Karlsson wins face-off versus Dylan Holloway in Edmonton Oilers zone.
18:40 of 3rd period - Snap shot by Kent Johnson.
18:40 of 3rd period - Stopped by Juuse Saros with a rebound.
18:51 of 3rd period - Minor Penalty to Morgan Barron for Delaying the game.
18:52 of 3rd period - Jake DeBrusk wins face-off versus Evgeni Malkin in Edmonton Oilers zone.
19:06 of 3rd period - Snap shot by Kent Johnson.
19:06 of 3rd period - Shot Misses the Net.
19:08 of 3rd period - Slapshot by Rasmus Dahlin.
19:08 of 3rd period - Shot Misses the Net.
Goals for this period are 0 for Minnesota North Stars vs 0 for Edmonton Oilers.
Shots for this period are 6 for Minnesota North Stars vs 10 for Edmonton Oilers.